 Dungeon Crawl Stone Soup version 0.31.0-32-g396128a36d (webtiles) character file.

Game seed: 14675811803867805849

25344 DildoBatman the Geomancer (level 13, -2/1 (101) HPs)
             Began as a Formicid Conjurer on Mar 8, 2024.
             Was an Initiate of Gozag.
             Killed by the malice of Kikubaaqudgha (3 damage)
             ... on level 3 of the Lair of Beasts on Mar 9, 2024.
             The game lasted 01:06:13 (15119 turns).

DildoBatman the Geomancer (Formicid Conjurer)      Turns: 15119, Time: 01:06:14

HP:   -2/1 (101)    AC: 12    Str: 12      XL:     13   Next: 49%
MP:   12/22         EV: 16    Int: 22 (23) God:    Gozag
Gold: 907           SH:  0    Dex: 20      Spells: 11/24 levels left

rFire   + . .        c - +3 sling of Cemutzem {flame, ^Contam rElec rC- Dex+8}
rCold   x . .        (no shield)
rNeg    + . .        I - +0 steam dragon scales
rPois   .            (helmet unavailable)
rElec   +            M - +0 cloak
rCorr   .            V - +1 pair of gloves
SInv    +            C - +0 pair of boots
Will    +....        r - amulet of regeneration
Stlth   +++          o - ring of positive energy
HPRegen 1.00/turn    J - ring of wizardry
MPRegen 0.18/turn

%: clarity, wizardry (x1)
@: extremely drained
A: permanent stasis, dig shafts and tunnels, antennae 3, four strong arms,
clarity, fire resistance 1, inability to drink after injury 1
a: Dig, Shaft Self, Renounce Religion, Potion Petition, Call Merchant, Bribe
Branch


You were on level 3 of the Lair of Beasts.
You worshipped Gozag.
Gozag was pleased with you.
You visited 4 branches of the dungeon, and saw 17 of its levels.
You also visited: Sewer.

You collected 1527 gold pieces.
You spent 72 gold pieces at shops.
You paid 548 gold pieces to Gozag.

Inventory:

Hand Weapons
 c - the +3 sling of Cemutzem (weapon) {flame, ^Contam rElec rC- Dex+8}
   (You found it on level 4 of the Dungeon)

   Dex+8:     It affects your dexterity (+8).
   rC-:       It makes you vulnerable to cold.
   rElec:     It insulates you from electricity.
   ^Contam:   It causes magical contamination when unequipped.
 d - a +3 dire flail of protection
 e - a +3 spear of freezing
Missiles
 s - 40 poisoned darts
 F - a throwing net
 N - 3 curare-tipped darts
Armour
 C - a +0 pair of boots (worn)
 I - +0 steam dragon scales (worn)
 L - a +1 ring mail of fire resistance
 M - a +0 cloak (worn)
 R - a +1 ring mail of cold resistance
 V - a +1 pair of gloves (worn)
Magical Staves
 w - a staff of alchemy
Jewellery
 f - a ring of flight
 m - an amulet of magic regeneration
 o - a ring of positive energy (left hand)
 r - an amulet of regeneration (around neck)
 t - a ring of resist corrosion
 u - an amulet of reflection
 J - a ring of wizardry (right hand)
 K - a ring of positive energy
 Y - a +4 ring of protection
 Z - an amulet of the acrobat
Wands
 y - a wand of roots (9)
 U - a wand of mindburst (6)
Scrolls
 h - 3 scrolls of revelation {unknown}
 i - 3 scrolls of brand weapon
 j - 2 scrolls of amnesia
 k - 2 scrolls of enchant armour
 l - a scroll of vulnerability {unknown}
 q - a scroll of silence
 v - 2 scrolls of immolation
 x - 3 scrolls of teleportation {unknown}
 B - a scroll of torment {unknown}
 O - 4 scrolls of poison
 P - 2 scrolls of enchant weapon {unknown}
 S - a scroll of fog {unknown}
 W - a scroll of fear {unknown}
 X - a scroll of acquirement {unknown}
Potions
 a - a potion of ambrosia {unknown}
 b - 3 potions of magic
 g - a potion of invisibility {unknown}
 n - 3 potions of brilliance
 p - 3 potions of might
 z - a potion of mutation
 D - 10 potions of curing
 E - a potion of enlightenment {unknown}
 G - 2 potions of cancellation {unknown}
 H - a potion of resistance {unknown}
 Q - 3 potions of heal wounds {unknown}


   Skills:
 - Level 9.0 Fighting
 - Level 4.0 Throwing
 - Level 9.0 Armour
 - Level 6.8 Dodging
 - Level 4.0 Stealth
 - Level 6.0 Spellcasting
 - Level 6.0 Conjurations
 * Level 10.0 Necromancy
 - Level 4.0 Air Magic
 * Level 10.3 Earth Magic
 - Level 6.0 Alchemy


You had 11 spell levels left.
You knew the following spells:

 Your Spells              Type           Power      Damage    Failure   Level
a - Borgnjor's Vile Clut  Necr/Erth      25%        N/A       1%          5
c - Searing Ray           Conj           66%        2d6       1%          2
e - Mephitic Cloud        Conj/Alch/Air  30%        N/A       1%          3
f - Magic Dart            Conj           100%       1d8       1%          1
z - Sublimation of Blood  Necr           50%        N/A       1%          2

Your spell library contained the following spells:

 Spells                   Type           Power      Damage    Failure   Level
 Kiss of Death            Conj/Necr      100%       2d13      1%          1
 Necrotise                Necr           100%       1d9       1%          1
 Curse of Agony           Necr           50%        N/A       1%          5
 Dazzling Flash           Conj/Hex       38%        N/A       3%          3
 Fulminant Prism          Conj/Alch      16%        3d10      3%          4
 Anguish                  Hex/Necr       14%        N/A       4%          4
 Martyr's Knell           Necr/Summ      28%        N/A       4%          4
 Call Imp                 Summ           12%        N/A       6%          2
 Jinxbite                 Hex            12%        N/A       6%          2
 Death Channel            Necr           25%        N/A       9%          6
 Iskenderun's Mystic Bla  Conj/Tloc      19%        2d6       11%         4
 Yara's Violent Unravell  Hex/Alch       9%         3d6       28%         5
 Silence                  Hex/Air        7%         N/A       38%         5
 Enfeeble                 Hex            3%         N/A       100%        7
 Summon Hydra             Summ           3%         N/A       100%        7
 Animate Dead             Necr           Unusable   N/A       N/A         4

Dungeon Overview and Level Annotations

Branches:
Dungeon (11/15)            Temple (1/1) D:7            Lair (3/5) D:9
 Shoals (0/4) Lair:2       Spider (0/4) Lair:2          Orc (2/2) D:11
  Sewer (visited)
    Elf: Orc:2

Altars:
Ashenzari
Cheibriados
Dithmenos
Elyvilon
Fedhas
Gozag
Hepliaklqana
Kikubaaqudgha
Makhleb
Nemelex Xobeh
Okawaru
Qazlal
Ru
Sif Muna
Trog
Uskayaw
Vehumet
Wu Jian
Xom
Yredelemnul
Zin
The Shining One

Shops:
D:3 (   D:10 =*[?:   D:11 [   Orc:1 *

Portals:
Trove: D:11 (give +2 gold dragon scales)

Annotations:
D:9 1 runed translucent door, Tizio's ghost, novice MiFi
D:11 exclusion: boulder beetle


Innate Abilities, Weirdness & Mutations

You cannot be hasted, slowed, berserked, paralysed or teleported.
You can dig through walls and to a lower floor.
You have a pair of large antennae on your head. (SInv)
Your four strong arms can wield two-handed weapons with a shield.
You possess an exceptional clarity of mind.
Your flesh is heat resistant. (rF+)
You occasionally lose the ability to drink potions when taking damage.


Message History

Found 15 gold pieces.
Found a stone staircase leading down.
You shoot a sling bullet.
The sling bullet hits the yak but does no damage.
The yak bellows!
You hear a bellow!
A yak comes into view.
There is a stone staircase leading up here.
Casting: Mephitic Cloud (astonishingly dangerous; 3% risk of failure)
Confirm with . or Enter, or press ? or * to list all spells.
Okay, then.
You remove your +4 ring of protection.
J - a ring of wizardry (right hand)
Casting: Borgnjor's Vile Clutch (astonishingly dangerous; 1% risk of failure)
Confirm with . or Enter, or press ? or * to list all spells.
Aiming: Borgnjor's Vile Clutch (astonishingly dangerous; 1% risk of failure)
Press: ? - help, Shift-Dir - straight line, f/p - yak
Aim: a yak (100% to hit)
Zombie hands grab the yak.
The zombie hands constrict the yak.
The yak struggles to escape constriction.
You shoot a sling bullet. The sling bullet hits the yak.
The sling bullet burns the yak.
The yak is moderately wounded.
The zombie hands constrict the yak!
A yak comes into view.
The yak escapes!
Casting: Borgnjor's Vile Clutch (astonishingly dangerous; 1% risk of failure)
Confirm with . or Enter, or press ? or * to list all spells.
Aiming: Borgnjor's Vile Clutch (astonishingly dangerous; 1% risk of failure)
Press: ? - help, Shift-Dir - straight line, f/p - yak
Aim: a yak (heavily wounded, 100% to hit)
Kikubaaqudgha does not allow the disloyal to dabble in death!
Flickering shadows surround you. You partially resist.
You feel drained.
Ouch! That really hurt!
You die...
Your body crumbles into a pile of gold.

......... #.$
........####$..
. ..(...........
..##.....$.....Y
................
..$#..........Y.
...........Y....
..>......$......
#.....@....#...
................
................
................
................
................
................
.).[....(......


You could see 2 yaks.

Vanquished Creatures
  3 two-headed ogres
  2 death yaks (Lair:2)
  Sonja (D:11)
  Amaemon (D:8)
  A pharaoh ant (Lair:2)
  Pikel (D:7)
  An orc sorcerer (Orc:2)
  A cyclops (D:11)
  A merfolk siren (Lair:2)
  An orange demon (D:7)
  7 cane toads
  A torpor snail (Lair:2)
  3 merfolk
  2 komodo dragons
  A hornet (D:10)
  Prince Ribbit (D:8)
  A tarantella (Lair:2)
  17 blink frogs
  A shadow (D:11)
  Sigmund (D:4)
  14 yaks
  3 wyverns
  6 basilisks
  A warg (Orc:1)
  Edmund (D:4)
  3 steam dragons
  Menkaure (D:7)
  6 water moccasins
  A cane toad zombie (Lair:1)
  Duvessa (D:6)
  A sky beast (D:6)
  4 black bears
  10 orc warriors
  2 ice beasts
  3 ogres
  2 blink frog zombies (Lair:1)
  5 wolves
  2 centaurs
  2 lemures (D:7)
  Blork the orc (D:4)
  6 kobold brigands
  4 scorpions
  7 bullfrogs
  Dowan (D:6)
  5 wights (D:7)
  A yak zombie (Lair:1)
  12 killer bees
  2 howler monkeys
  3 electric eels (Lair:2)
  4 bombardier beetles
  A basilisk zombie (Lair:2)
  2 hounds (D:5)
  3 jellies
  16 orc priests
  5 sleepcaps
  4 iguanas
  A scorpion zombie (Lair:2)
  22 orc wizards
  11 gnolls
  7 adders
  5 river rats (Sewer)
  2 white imps
  4 ufetubi
  3 ribbon worms
  3 dart slugs
  66 orcs
  4 ball pythons (Sewer)
  2 bats (D:1)
  11 endoplasms
  8 giant cockroaches
  8 goblins
  6 hobgoblins
  13 jackals
  28 kobolds
  4 quokkas
  3 frilled lizards
  27 rats
431 creatures vanquished.

Vanquished Creatures (collateral kills)
  An orc (Orc:2)
1 creature vanquished.

Vanquished Creatures (others)
  An orc wizard (Orc:2)
1 creature vanquished.

Grand Total: 433 creatures vanquished

Notes
Turn   | Place    | Note
-------+----------+-------------------------------------------
     0 | D:1      | DildoBatman the Formicid Conjurer began the quest for the
                  | Orb.
     0 | D:1      | Reached XP level 1. HP: 13/13 MP: 3/3
   175 | D:1      | Reached XP level 2. HP: 14/20 MP: 0/5
   178 | D:1      | Learned a level 2 spell: Searing Ray
   523 | D:1      | Reached XP level 3. HP: 25/25 MP: 0/6
   586 | D:1      | Reached skill level 1 in Armour
   642 | D:1      | Learned a level 3 spell: Mephitic Cloud
   674 | D:1      | Reached skill level 1 in Fighting
   967 | D:2      | Reached XP level 4. HP: 32/32 MP: 1/8
  1075 | D:2      | Reached XP level 5. HP: 30/37 MP: 0/9
  1364 | D:2      | Found a faded altar of an unknown god.
  1469 | D:2      | Found a hide-covered altar of Uskayaw.
  1814 | D:3      | Found Gehome's Weapon Shop.
  2210 | D:4      | Reached XP level 6. HP: 44/44 MP: 6/10
  2275 | D:4      | Noticed Sigmund
  2399 | D:4      | Noticed Edmund
  2475 | D:4      | Noticed Blork the orc
  2544 | D:4      | Found a glowing drain.
  2558 | Sewer    | Entered a sewer
  2791 | Sewer    | Reached XP level 7. HP: 51/51 MP: 7/12
  3334 | D:5      | Entered Level 5 of the Dungeon
  4083 | D:6      | Noticed Duvessa
  4182 | D:6      | Noticed Dowan
  4222 | D:6      | Reached XP level 8. HP: 52/60 MP: 8/14
  4299 | D:6      | Reached skill level 5 in Conjurations
  4604 | D:7      | Found a staircase to the Ecumenical Temple.
  4613 | Temple   | Entered the Ecumenical Temple
  5195 | D:3      | Reached skill level 5 in Spellcasting
  5355 | D:4      | Killed Edmund
  5356 | D:4      | Reached skill level 1 in Alchemy
  5368 | D:4      | Identified the +3 sling of Cemutzem {flame, ^Contam rElec
                  | rC- Dex+8}
  5386 | D:4      | Killed Blork the orc
  5387 | D:4      | Reached skill level 5 in Fighting
  5387 | D:4      | Reached skill level 1 in Air Magic
  5387 | D:4      | Reached XP level 9. HP: 36/68 MP: 16/16
  5492 | D:4      | Killed Sigmund
  5493 | D:4      | Reached skill level 5 in Armour
  5929 | D:5      | Reached skill level 1 in Throwing
  6912 | D:6      | Killed Duvessa
  6913 | D:6      | Reached skill level 5 in Alchemy
  6934 | D:6      | Killed Dowan
  7170 | D:7      | Reached XP level 10. HP: 64/74 MP: 12/19
  7441 | D:7      | Noticed Pikel
  7453 | D:7      | Killed Pikel
  7554 | D:7      | Noticed Menkaure
  7559 | D:7      | Killed Menkaure
  7742 | D:8      | Noticed Amaemon
  7742 | D:8      | Noticed an orange demon
  7746 | D:8      | You are sucked into a shaft and drop 1 floor!
  8048 | D:8      | Noticed Prince Ribbit
  8063 | D:8      | Killed Prince Ribbit
  8257 | D:8      | Found a snail-covered altar of Cheibriados.
  8367 | D:9      | Noticed a two-headed ogre
  8395 | D:9      | Killed a two-headed ogre
  8404 | D:9      | Noticed a two-headed ogre
  8476 | D:9      | Killed a two-headed ogre
  8477 | D:9      | Reached skill level 5 in Dodging
  8477 | D:9      | Reached XP level 11. HP: 84/84 MP: 5/20
  8581 | Temple   | Became a worshipper of Kikubaaqudgha
  8667 | D:8      | Killed Amaemon
  9104 | D:8      | Found an iron altar of Okawaru.
  9413 | D:9      | Found a staircase to the Lair.
  9484 | D:9      | Found a runed translucent door.
  9670 | D:9      | Noticed Tizio's ghost (novice MiFi)
  9699 | D:10     | Entered Level 10 of the Dungeon
  9699 | D:10     | Found Tyontonu's Book Shoppe.
  9762 | D:10     | Reached * piety under Kikubaaqudgha
  9762 | D:10     | Received a gift from Kikubaaqudgha
  9866 | D:10     | Found Hithi's Antique Armour Shop.
  9877 | D:10     | Noticed a two-headed ogre
  9901 | D:10     | Killed a two-headed ogre
 10005 | D:10     | Found Hueceuc's General Store.
 10019 | D:10     | Found a bloodstained altar of Trog.
 10019 | D:10     | Found a glowing silver altar of Zin.
 10088 | D:10     | Found Ullerah's Jewellery Shop.
 10306 | D:10     | Found Xibax Doa's Magic Scroll Shop.
 10481 | D:10     | Learned a level 2 spell: Sublimation of Blood
 10522 | D:11     | Gained mutation: You possess an exceptional clarity of
                  | mind. [potion of mutation]
 10522 | D:11     | Gained mutation: You occasionally lose the ability to drink
                  | potions when taking damage. [potion of mutation]
 10522 | D:11     | Gained mutation: Your flesh is heat resistant. (rF+)
                  | [potion of mutation]
 10588 | D:11     | Reached skill level 1 in Necromancy
 10624 | D:11     | Reached ** piety under Kikubaaqudgha
 10636 | D:11     | Found a staircase to the Orcish Mines.
 10643 | D:11     | Found Seckupn's Armour Emporium.
 10685 | D:11     | Found a portal to a secret trove of treasure.
 10752 | D:11     | Noticed Sonja
 10774 | D:11     | Killed Sonja
 10775 | D:11     | Reached XP level 12. HP: 70/92 MP: 7/21
 11065 | D:11     | Noticed a boulder beetle
 11480 | Orc:1    | Entered Level 1 of the Orcish Mines
 11562 | Orc:1    | Reached skill level 5 in Necromancy
 11574 | Orc:1    | Found Mecal's Assorted Antiques.
 11622 | Orc:1    | Bought a scroll labelled VYINOO ODDI for 25 gold pieces
 11622 | Orc:1    | Bought a scroll labelled UKHLOO NADAUTI for 25 gold pieces
 11622 | Orc:1    | Bought a yellow potion for 22 gold pieces
 11900 | Orc:2    | Entered Level 2 of the Orcish Mines
 12193 | Orc:2    | Reached *** piety under Kikubaaqudgha
 12193 | Orc:2    | Received a gift from Kikubaaqudgha
 12197 | Orc:2    | Noticed an orc high priest
 12313 | Temple   | Fell from the grace of Kikubaaqudgha
 12313 | Temple   | Became a worshipper of Gozag Ym Sagoz the Greedy
 12369 | D:9      | Learned a level 5 spell: Borgnjor's Vile Clutch
 12371 | Lair:1   | Entered Level 1 of the Lair of Beasts
 12388 | Lair:1   | Reached skill level 1 in Earth Magic
 12549 | Lair:1   | Reached skill level 5 in Earth Magic
 13684 | Lair:2   | Reached XP level 13. HP: 97/98 MP: 16/22
 13911 | Lair:2   | Found a hole to the Spider Nest.
 13966 | Lair:2   | Found a staircase to the Shoals.
 14496 | Lair:1   | Reached skill level 10 in Earth Magic
 14603 | Lair:2   | Reached skill level 10 in Necromancy
 15119 | Lair:3   | Killed by the malice of Kikubaaqudgha

Illustrated notes

Levels and vault maps discovered:
D:1:      grunt_arrival_lava_bath, layout_loops_ring
D:2:      layout_basic, hellmonk_ecumenical_altar_leap_of_faith, basic_altar
D:3:      layout_basic, serial_shops, nicolae_shop_rolling_square,
          chequers_jeans
D:4:      layout_basic, cheibrodos_sewer_entry_drain, uniq_blork_the_orc,
          uniq_edmund, uniq_sigmund
D:5:      minmay_razor_zed, layout_basic, small_statue_alley_b
D:6:      layout_basic, uniq_duvessa
D:7:      layout_loops_ring, minmay_temple_entry_wispy, uniq_pikel,
          uniq_menkaure
D:8:      layout_gridville, okawaru_altar_gauntlet_db,
          lemuel_coloured_pillars_altar, serial_rivers,
          chequers_serial_rivers_large_a, chequers_serial_rivers_micro_e,
          chequers_serial_rivers_micro_b, chequers_serial_rivers_small_3,
          chequers_serial_rivers_room_b, chequers_serial_rivers_small_b,
          hangedman_glass_teeth, uniq_prince_ribbit1, uniq_amaemon
D:9:      layout_basic, due_lair_maze_entry_diamond,
          ebering_ghost_reflecting_pool
D:10:     cheibrodos_steamvent, layout_irregular_city,
          mainiacjoe_overflow_divided_tiny, serial_shops, shop,
          nicolae_shop_crystal, nicolae_shop_rolling_square,
          nicolae_stop_n_shop_1, shop, kennysheep_another_room,
          kennysheep_generic_room_15
D:11:     layout_irregular_city, hiddenorc2_lemuel, enter_trove_1, serial_shops,
          shop, uniq_sonja
Temple:   regret_index_temple_chain_breaker
Lair:1:   layout_regular_city
Lair:2:   layout_gridlike, elwin_shoals_entry_stream,
          nicolae_spider_entry_lesser_pyramids, infiniplex_staircase_pool_2,
          grunt_megastairs_4
Lair:3:   dragon1_lemuel, layout_cave_shapes, lemuel_fruit_tree
Orc:1:    layout_diamond_mine, serial_shops, shop
Orc:2:    st_orc_mages, layout_caves, basic_altar

Skill      XL: |  1  2  3  4  5  6  7  8  9 10 11 12 13 |
---------------+----------------------------------------+-----
Dodging        | 2 3 5 6 |  6.8
Armour         | 1 2 3 4 5 7 9 |  9.0
Fighting       | 1 2 3 5 7 9 |  9.0
Stealth        | 3 4 |  4.0
Conjurations   | 4 5 6 |  6.0
Spellcasting   | 3 4 5 6 |  6.0
Alchemy        | 1 5 6 |  6.0
Air Magic      | 1 3 4 |  4.0
Throwing       | 3 4 |  4.0
Necromancy     | 3 7 10 | 10.0
Earth Magic    | 8 10 | 10.3

Action                     |  1- 3 |  4- 6 |  7- 9 | 10-12 | 13-15 || total
---------------------------+-------+-------+-------+-------+-------++-------
  Melee: Mace              |    25 |     3 |       |       |       ||    28
         Punch             |     1 |       |       |       |       ||     1
         Spear             |       |     6 |       |       |       ||     6
         Short sword       |       |       |    13 |       |       ||    13
   Fire: Sling             |       |       |   167 |   379 |   154 ||   700
   Cast: Magic Dart        |    37 |   107 |    36 |    15 |       ||   195
         Searing Ray       |     5 |    22 |    54 |   154 |     5 ||   240
         Mephitic Cloud    |       |       |    38 |   111 |    21 ||   170
         Sublimation of Bl |       |       |       |    33 |    28 ||    61
         Borgnjor's Vile C |       |       |       |       |    23 ||    23
Ability: Dig               |       |       |     1 |     8 |     1 ||    10
         Shaft Self        |       |       |       |     1 |       ||     1
    Use: Scroll            |       |     7 |     3 |     5 |       ||    15
         Potion            |       |       |       |     1 |     1 ||     2
   Stab: Distracted        |       |     1 |       |       |       ||     1
         Confused          |       |       |     4 |       |       ||     4
 Armour: Robe              |    22 |    14 |    67 |    31 |       ||   134
         Steam dragon scal |       |       |       |   160 |   111 ||   271
         Leather armour    |       |       |       |    17 |       ||    17
  Dodge: Dodged            |    26 |    18 |    61 |   266 |   108 ||   479
  Block: Other             |       |     4 |       |       |       ||     4
